 Dungeon Crawl Stone Soup version 0.28-a0-94-g325244837d (webtiles) character file.

Game seed: 1527330194862348859

361 Gargoyl the Skirmisher (level 6, -6/53 HPs)
             Began as a Gnoll Abyssal Knight on Aug 7, 2021.
             Was a Believer of Lugonu.
             Splashed by a jelly's acid (8 damage)
             ... on level 4 of the Dungeon.
             The game lasted 00:06:10 (3422 turns).

Gargoyl the Skirmisher (Gnoll Abyssal Knight)       Turns: 3422, Time: 00:06:11

Health: -6/53      AC:  1    Str: 13    XL:     6   Next: 66%
Magic:  9/9        EV:  6    Int: 12    God:    Lugonu [**....]
Gold:   208        SH:  4    Dex: 11    Spells: 9/9 levels left

rFire   . . .      SeeInvis .   a - +2 hand axe
rCold   . . .      Faith    .   c - +0 buckler
rNeg    . . .      Spirit   .   b - +0 chain mail
rPois   .          Reflect  .   g - +0 helmet
rElec   .          Harm     .   i - +1 cloak
rCorr   .          Rampage  .   (no gloves)
Will    +....                   (no boots)
Stlth   ..........              (no amulet)
HPRegen 0.17/turn               n - ring of willpower
MPRegen 0.11/turn               (no ring)

@: corroded
A: fangs 1, strong nose, distributed training
a: Renounce Religion, Depart the Abyss, Bend Space


You were on level 4 of the Dungeon.
You worshipped Lugonu.
Lugonu was pleased with you.
You visited 1 branch of the dungeon, and saw 4 of its levels.
You visited the Abyss 1 time.

You collected 208 gold pieces.

Inventory:

Hand Weapons
 a - a +2 hand axe (weapon)
Armour
 b - a +0 chain mail (worn)
 c - a +0 buckler (worn)
 g - a +0 helmet (worn)
 i - a +1 cloak (worn)
Jewellery
 n - a ring of willpower (left hand)
Wands
 k - a wand of digging (3)
Scrolls
 d - a scroll of blinking
 e - 6 scrolls of teleportation
Potions
 f - 3 potions of flight
 h - a potion of cancellation
 o - a potion of magic {unknown}
 q - 2 potions of mutation {unknown}
 r - a potion of heal wounds {unknown}


   Skills:
 + Level 6.8 Fighting
 + Level 2.0 Short Blades
 + Level 2.0 Long Blades
 + Level 5.0 Axes
 + Level 2.0 Maces & Flails
 + Level 2.0 Polearms
 + Level 2.0 Staves
 + Level 2.0 Slings
 + Level 2.0 Bows
 + Level 2.0 Crossbows
 + Level 2.0 Throwing
 + Level 5.0 Armour
 + Level 3.3 Dodging
 + Level 2.0 Stealth
 + Level 2.0 Shields
 + Level 2.0 Unarmed Combat
 + Level 2.0 Spellcasting
 + Level 1.6 Conjurations
 + Level 1.6 Hexes
 + Level 1.6 Summonings
 + Level 1.6 Necromancy
 + Level 1.6 Translocations
 + Level 1.6 Transmutations
 + Level 1.6 Fire Magic
 + Level 1.6 Ice Magic
 + Level 1.6 Air Magic
 + Level 1.6 Earth Magic
 + Level 1.6 Poison Magic
 + Level 5.1 Invocations
 + Level 2.0 Evocations


You had 9 spell levels left.
You didn't know any spells.
Your spell library contained the following spells:

 Spells                   Type           Power      Damage    Failure   Level
 Animate Skeleton         Necr           10%        N/A       99%         1
 Pain                     Necr           20%        1d5       99%         1
 Sublimation of Blood     Necr           2%         N/A       100%        2
 Ozocubu's Armour         Ice            5%         N/A       100%        3
 Vampiric Draining        Necr           2%         2d6       100%        3
 Petrify                  Tmut/Erth      5%         N/A       100%        4
 Irradiate                Conj/Tmut      2%         3d14      100%        5
 Ozocubu's Refrigeration  Ice            2%         4d5       100%        7


Dungeon Overview and Level Annotations

Branches:
Dungeon (4/15)
 Temple: D:4-7

Altars:
Dithmenos
Wu Jian
Yredelemnul
Zin

Shops:
D:1 *


Innate Abilities, Weirdness & Mutations

You have very sharp teeth.
Your uncanny sense of smell can sniff out nearby items.
Your experience applies equally to all skills.


Message History

Unknown command.
Throw: dart (poison)
Press: ? - help, Q - select action, (/) - cycle Shift-Dir - straight line, f/p - jelly
Aim: a jelly (90% to hit)
You throw a poisoned dart. The poisoned dart hits the jelly.
Unknown command.
n - a ring of willpower (left hand)
You slash the jelly!
Your hands burn!
You bite the jelly.
The jelly is severely wounded.
You barely miss the jelly.
The jelly is severely wounded.
The jelly hits you.
You are splashed with acid!
The jelly barely misses you.
You hit the jelly. The acid corrodes you!
Your hands burn!
The jelly is almost dead.
The jelly hits you. The acid corrodes you!
You are splashed with acid!
You hit the jelly but do no damage.
Your hands burn!
You bite the jelly, but do no damage.
The jelly is almost dead.
The jelly hits you but does no damage.
You hit the jelly but do no damage.
Your hands burn!
You bite the jelly, but do no damage.
The jelly is almost dead.
The jelly hits you.
You are splashed with acid!
You hit the jelly. The acid corrodes you!
Your hands burn!
The jelly is almost dead.
The jelly barely misses you.
Your chain mail prevents you from hitting the jelly.
The jelly is almost dead.
The jelly hits you.
* * * LOW HITPOINT WARNING * * *
The acid corrodes you!
You are splashed with acid!
* * * LOW HITPOINT WARNING * * *
Unknown command.
You hit the jelly but do no damage.
Your hands burn!
* * * LOW HITPOINT WARNING * * *
The jelly is almost dead.
The jelly hits you.
* * * LOW HITPOINT WARNING * * *
You are splashed with acid!
You die...

########
#§§§...#
#§....<#
#<§§...#
#......#
#.@....#
#.J....#
#..##+##
#.(#
#.(.
#.(#
#.(#
#..#


You could see a jelly.

Vanquished Creatures
  Sigmund (D:3)
  Natasha (thrice) (D:2)
  Ijyb (D:3)
  2 adders (D:2)
  4 worms
  A dart slug (D:1)
  2 ball pythons
  9 endoplasms
  3 giant cockroaches
  9 hobgoblins
  6 jackals
  2 quokkas
  11 bats
  2 frilled lizards
  8 goblins
  3 kobolds
  5 rats
72 creatures vanquished.

Vanquished Creatures (others)
  2 withered plants (D:2)
2 creatures vanquished.

Grand Total: 74 creatures vanquished

Notes
Turn   | Place    | Note
-------+----------+-------------------------------------------
     0 | Abyss:1  | Gargoyl the Gnoll Abyssal Knight began the quest for the
                  | Orb.
     0 | Abyss:1  | Reached XP level 1. HP: 23/23 MP: 3/3
    41 | Abyss:2  | Noticed a green very ugly thing
    41 | Abyss:2  | Noticed a green very ugly thing
    41 | Abyss:2  | Noticed a green very ugly thing
    41 | Abyss:2  | Noticed a green very ugly thing
    41 | Abyss:2  | Noticed a green ugly thing
    47 | D:1      | Escaped the Abyss
   128 | D:1      | Reached XP level 2. HP: 29/29 MP: 5/5
   285 | D:1      | Reached * piety under Lugonu
   790 | D:1      | Reached XP level 3. HP: 35/35 MP: 6/6
   931 | D:1      | Found Cufoben's General Store.
  1150 | D:2      | Reached skill level 1 in Short Blades
  1150 | D:2      | Reached skill level 1 in Long Blades
  1150 | D:2      | Reached skill level 1 in Maces & Flails
  1150 | D:2      | Reached skill level 1 in Polearms
  1150 | D:2      | Reached skill level 1 in Staves
  1150 | D:2      | Reached skill level 1 in Slings
  1150 | D:2      | Reached skill level 1 in Bows
  1150 | D:2      | Reached skill level 1 in Crossbows
  1150 | D:2      | Reached skill level 1 in Throwing
  1150 | D:2      | Reached skill level 1 in Stealth
  1150 | D:2      | Reached skill level 1 in Shields
  1150 | D:2      | Reached skill level 1 in Unarmed Combat
  1150 | D:2      | Reached skill level 1 in Spellcasting
  1150 | D:2      | Reached skill level 1 in Evocations
  1164 | D:2      | Reached XP level 4. HP: 38/41 MP: 7/7
  1315 | D:2      | Found a faded altar of an unknown god.
  1519 | D:2      | Found an ornate altar of the Wu Jian Council.
  1551 | D:2      | Noticed Natasha
  1565 | D:2      | Killed Natasha
  1566 | D:2      | Reached skill level 1 in Conjurations
  1566 | D:2      | Reached skill level 1 in Hexes
  1566 | D:2      | Reached skill level 1 in Summonings
  1566 | D:2      | Reached skill level 1 in Necromancy
  1566 | D:2      | Reached skill level 1 in Translocations
  1566 | D:2      | Reached skill level 1 in Transmutations
  1566 | D:2      | Reached skill level 1 in Fire Magic
  1566 | D:2      | Reached skill level 1 in Ice Magic
  1566 | D:2      | Reached skill level 1 in Air Magic
  1566 | D:2      | Reached skill level 1 in Earth Magic
  1566 | D:2      | Reached skill level 1 in Poison Magic
  1840 | D:2      | Noticed Natasha
  1846 | D:2      | Killed Natasha
  1847 | D:2      | Reached XP level 5. HP: 36/47 MP: 8/8
  1943 | D:2      | Noticed Natasha
  1958 | D:2      | Killed Natasha
  2060 | D:2      | Reached ** piety under Lugonu
  2455 | D:3      | Found a glowing silver altar of Zin.
  2588 | D:3      | Noticed Sigmund
  2601 | D:3      | Killed Sigmund
  2602 | D:3      | Reached skill level 5 in Axes
  2602 | D:3      | Reached skill level 5 in Armour
  2602 | D:3      | Reached skill level 5 in Invocations
  2602 | D:3      | Reached XP level 6. HP: 53/53 MP: 9/9
  2745 | D:3      | Found a basalt altar of Yredelemnul.
  2826 | D:3      | Noticed Ijyb
  2838 | D:3      | Killed Ijyb
  3154 | D:3      | Found a shadowy altar of Dithmenos.
  3422 | D:4      | HP: 2/53 [acid (5)]
  3422 | D:4      | Splashed by a jelly's acid

Illustrated notes

Levels and vault maps discovered:
D:1:      dpeg_arrival_simpleton_c, layout_rooms, serial_shops, shop
D:2:      layout_rooms, ebering_ecumenical_altar_petrified,
          minmay_misc_feat_chi, kennysheep_flooded_box, minmay_pentomino_z4,
          uniq_natasha
D:3:      layout_loops_ring, mainiacjoe_overflow_concentric_impassable,
          amcnicky_altar_gilded, mainiacjoe_overflow_alcove_4, serial_forest,
          infiniplex_forest_lined_corner, infiniplex_forest_straight_1,
          infiniplex_forest_corner_1, infiniplex_forest_side_room, uniq_ijyb,
          uniq_sigmund
D:4:      layout_gridville

Skill      XL: |  1  2  3  4  5 |
---------------+----------------+-----
Short Blades   | 1 2 |  2.0
Long Blades    | 1 2 |  2.0
Maces & Flails | 1 2 |  2.0
Polearms       | 1 2 |  2.0
Staves         | 1 2 |  2.0
Slings         | 1 2 |  2.0
Bows           | 1 2 |  2.0
Crossbows      | 1 2 |  2.0
Throwing       | 1 2 |  2.0
Stealth        | 1 2 |  2.0
Shields        | 1 2 |  2.0
Unarmed Combat | 1 2 |  2.0
Spellcasting   | 1 2 |  2.0
Evocations     | 1 2 |  2.0
Conjurations   | 1 |  1.6
Hexes          | 1 |  1.6
Summonings     | 1 |  1.6
Necromancy     | 1 |  1.6
Translocations | 1 |  1.6
Transmutations | 1 |  1.6
Fire Magic     | 1 |  1.6
Ice Magic      | 1 |  1.6
Air Magic      | 1 |  1.6
Earth Magic    | 1 |  1.6
Poison Magic   | 1 |  1.6
Dodging        | 3 |  3.3
Axes           | 5 |  5.0
Armour         | 5 |  5.0
Invocations    | 5 |  5.1
Fighting       | |  6.8

Action                   |  1- 3 |  4- 6 || total
-------------------------+-------+-------++-------
Melee: Hand axe          |    41 |   119 ||   160
       Dagger            |    63 |    54 ||   117
       Bite              |    12 |    16 ||    28
Throw: Dart              |       |     5 ||     5
Invok: Depart the Abyss  |     1 |       ||     1
  Use: Scroll            |     1 |     8 ||     9
       Potion            |       |     2 ||     2
Armor: Leather armour    |    18 |       ||    18
       Chain mail        |    28 |   113 ||   141
       Skin              |       |     8 ||     8
Dodge: Dodged            |    58 |    57 ||   115
Block: Buckler           |    11 |    34 ||    45

Table legend: (Time is in decaauts)
 A = Elapsed time spent in this place.
 B = Non-inter-level travel time spent in this place.
 C = Inter-level travel time spent in this place.
 D = Time resting spent in this place.
 E = Time spent auto-exploring this place.
 F = Levels seen in this place.
 G = Mean time per level.
                   A        B        C        D        E       F      G
               +--------+--------+--------+--------+--------+-----+--------+
         Total |   3440 |   3403 |     37 |    307 |   2309 |   6 |  573.3 |
       Dungeon |   3393 |   3356 |     37 |    307 |   2296 |   4 |  848.2 |
         Abyss |     46 |     46 |      0 |      0 |     13 |   2 |   23.0 |
               +--------+--------+--------+--------+--------+-----+--------+

Top non-repeatable levels by time:
     D:2: 1330 daAuts
     D:1: 1059 daAuts
     D:3: 984 daAuts
 Abyss:2: 29 daAuts
     D:4: 18 daAuts
 Abyss:1: 17 daAuts
